 Dungeon Crawl Stone Soup version 0.29.0-11-gd7f09526c8 (webtiles) character file.

Game seed: 9847479859797789661

76 Conn the Sneak (level 4, 0/27 HPs)
             Began as an Octopode Fire Elementalist on Sept 6, 2022.
             Succumbed to an orc's curare-tipped dart
             ... on level 3 of the Dungeon.
             The game lasted 00:03:04 (2193 turns).

Conn the Sneak (Octopode Fire Elementalist)         Turns: 2193, Time: 00:03:05

Health: 0/27       AC:  1    Str:  7    XL:     4   Next: 32%
Magic:  1/7        EV: 13    Int: 19    God:
Gold:   60         SH:  0    Dex: 12    Spells: 6/7 levels left

rFire   . . .      SeeInvis .   b - +0 short sword
rCold   . . .      Faith    .   (no shield)
rNeg    . . .      Spirit   .   (helmet restricted)
rPois   .          Reflect  .   (no amulet)
rElec   .          Harm     .   (no ring)
rCorr   .          Rampage  .   (no ring)
Will    .....                   (no ring)
Stlth   +++.......              (no ring)
HPRegen 0.09/turn               (no ring)
MPRegen 0.10/turn               (no ring)
                                (no ring)
                                (no ring)

@: lethally poisoned (0 -> -4), slowed, very slow
A: almost no armour, amphibious, 8 rings, camouflage 1, gelatinous body 1,
(nimble swimmer 1), tentacles
a: no special abilities


You were on level 3 of the Dungeon.
You visited 1 branch of the dungeon, and saw 3 of its levels.

You collected 60 gold pieces.

Inventory:

Hand Weapons
 b - a +0 short sword (weapon)
Missiles
 k - 5 poisoned darts
Scrolls
 c - a scroll of enchant weapon {unknown}
 d - 2 scrolls of poison {unknown}
 f - 2 scrolls of teleportation {unknown}
 g - a scroll of fear {unknown}
 h - a scroll of magic mapping {unknown}
 j - a scroll of enchant armour {unknown}
 n - a scroll of vulnerability {unknown}
Potions
 a - a potion of magic
 e - a potion of degeneration {unknown}
 i - a potion of mutation {unknown}
 l - 2 potions of cancellation {unknown}
 m - a potion of ambrosia {unknown}


   Skills:
 + Level 0.1 Fighting
 + Level 1.1 Short Blades
 + Level 2.1 Dodging
 + Level 4.2 Stealth
 + Level 2.3 Spellcasting
 + Level 1.1 Conjurations
 + Level 3.6 Fire Magic


You had 6 spell levels left.
You knew the following spells:

 Your Spells              Type           Power      Damage    Failure   Level
a - Foxfire               Conj/Fire      44%        2x1d6     6%          1

Your spell library contained the following spells:

 Spells                   Type           Power      Damage    Failure   Level
 Scorch                   Fire           32%        2d6       5%          2
 Conjure Flame            Conj/Fire      11%        6-21      19%         3
 Inner Flame              Hex/Fire       9%         N/A       22%         3
 Ensorcelled Hibernation  Hex/Ice        4%         N/A       24%         2
 Passwall                 Tmut/Erth      1%         N/A       24%         2
 Call Canine Familiar     Summ           2%         N/A       43%         3
 Portal Projectile        Hex/Tloc       4%         N/A       43%         3
 Swiftness                Air            2%         N/A       43%         3
 Flame Wave               Conj/Fire      11%        2d6       52%         4
 Leda's Liquefaction      Hex/Erth       1%         N/A       85%         4
 Dispersal                Tloc           1%         N/A       100%        6
 Disjunction              Tloc           1%         N/A       100%        8


Dungeon Overview and Level Annotations

Branches:
Dungeon (3/15)

Altars:
Uskayaw

Annotations:
D:3 1 runed translucent door, Sekuso's ghost, amateur FoFE


Innate Abilities, Weirdness & Mutations

You cannot wear most types of armour.
You are amphibious.
You can wear up to eight rings at the same time.
Your skin changes colour to match your surroundings (Stealth+).
Your rubbery body absorbs attacks. (AC +1, EV +1)
((You are camouflaged when in or above water. (Stealth+)))
You have tentacles for arms and can constrict up to eight enemies at once.


Message History

You conjure some foxfire!
Your foxfire dissipates! x2
Unknown command.
Your foxfire dissipates!
An orc comes into view.
It is wielding a +0 club and quivering curare-tipped darts.
Your foxfire dissipates!
Sekuso's ghost turns its malevolent gaze towards you.
Your foxfire dissipates! x2
Casting: Foxfire (safe; 6% risk of failure)
Confirm with . or Enter, or press ? or * to list all spells.
You miscast Foxfire.
You are very lightly contaminated with residual magic.
Nothing appears to happen.
Unknown command.
Casting: Foxfire (safe; 6% risk of failure)
Confirm with . or Enter, or press ? or * to list all spells.
You don't have enough magic to cast this spell.
Unknown command.
Casting: Foxfire (safe; 6% risk of failure)
Confirm with . or Enter, or press ? or * to list all spells.
You don't have enough magic to cast this spell.
Unknown command.
Casting: Foxfire (safe; 6% risk of failure)
Confirm with . or Enter, or press ? or * to list all spells.
You don't have enough magic to cast this spell.
The orc throws a curare-tipped dart.
The curare-tipped dart hits you.
You are poisoned.
You have difficulty breathing.
You feel yourself slow down.
You feel very sick.
The orc throws a curare-tipped dart.
The curare-tipped dart misses you.
* * * LOW HITPOINT WARNING * * *
You feel very sick.
Sekuso's ghost whispers, "There is no future for you."
* * * LOW HITPOINT WARNING * * *
You feel very sick.
* * * LOW HITPOINT WARNING * * *
You feel sick.
Sekuso's ghost says, "Would you like to be cremated?"
Your magical contamination has completely faded away.
You die...

#....#####.†...8.8.8..#
#.....#P8P#............#
......#.(W#....§.......#
.#....###+##.#..#.......#
.....##.).#.##.#_).....#
#.#.)#.....##.#†......#
#...$.......#........##
##...!.............†..#
#......o....@...8.8.8.#
.......................#
##..............###...##
#...............# #.###
#...............# .#
#...............# .#
#.#.................
#.#####....####..###
...#.## #.#


You could see an orc.

Vanquished Creatures
  2 adders
  A worm (D:2)
  A dart slug (D:1)
  An orc (D:3)
  5 ball pythons
  4 endoplasms (D:2)
  4 giant cockroaches
  4 goblins
  5 hobgoblins
  6 kobolds
  4 quokkas
  4 bats
  2 frilled lizards
  4 rats
47 creatures vanquished.

Vanquished Creatures (others)
  98 foxfires
98 creatures vanquished.

Grand Total: 145 creatures vanquished

Notes
Turn   | Place    | Note
-------+----------+-------------------------------------------
     0 | D:1      | Conn the Octopode Fire Elementalist began the quest for the
                  | Orb.
     0 | D:1      | Reached XP level 1. HP: 11/11 MP: 3/3
    55 | D:1      | Reached skill level 3 in Stealth
   163 | D:1      | Reached XP level 2. HP: 17/17 MP: 1/5
   649 | D:1      | Found a faded altar of an unknown god.
  1210 | D:2      | Reached XP level 3. HP: 8/21 MP: 1/6
  1947 | D:2      | Reached XP level 4. HP: 27/27 MP: 7/7
  2034 | D:3      | Found a hide-covered altar of Uskayaw.
  2069 | D:3      | Reached skill level 4 in Stealth
  2099 | D:3      | Found a runed translucent door.
  2103 | D:3      | Noticed Sekuso's ghost (amateur FoFE)
  2182 | D:3      | Reached skill level 1 in Short Blades
  2193 | D:3      | Succumbed to an orc's curare-tipped dart

Illustrated notes

Levels and vault maps discovered:
D:1:      wheals_arrival_linesprint, layout_loops_ring,
          hellmonk_ecumenical_altar_leap_of_faith, minmay_pentomino_u2
D:2:      layout_basic, grunt_decor_arrowhead, chequers_serial_rivers_small_b
D:3:      layout_rooms, lemuel_crystal_altar,
          nicolae_ru_great_annihilating_truth, eat_drink_and_be_merry_uskayaw,
          gammafunk_ghost_grave, uniq_jessica

Skill      XL: |  1  2  3  4 |
---------------+-------------+-----
Stealth        | 3 4 |  4.2
Short Blades   | 1 |  1.1
Fighting       | |  0.1
Dodging        | |  2.1
Spellcasting   | |  2.3
Conjurations   | |  1.1
Fire Magic     | |  3.6

Action                   |  1- 3 |  4- 6 || total
-------------------------+-------+-------++-------
Melee: Short sword       |    45 |       ||    45
       Constrict         |     7 |       ||     7
       Tentacles         |     6 |       ||     6
 Cast: Foxfire           |    37 |    18 ||    55
 Stab: Sleeping          |    11 |       ||    11
Armor: Skin              |     4 |     1 ||     5
Dodge: Dodged            |    27 |     1 ||    28
